 Dungeon Crawl Stone Soup version 0.28.0-45-g0d030f2227 (webtiles) character file.

Game seed: 9381062105196888363

95 zeratav the Insei (level 4, -4/29 HPs)
             Began as an Octopode Transmuter on Apr 9, 2022.
             Slain by a sky beast (5 damage)
             ... on level 4 of the Dungeon.
             The game lasted 00:03:47 (3577 turns).

zeratav the Insei (Octopode Transmuter)             Turns: 3577, Time: 00:03:48

Health: -4/29      AC:  1    Str:  9    XL:     4   Next: 65%
Magic:  7/7        EV: 13    Int: 15    God:
Gold:   117        SH:  0    Dex: 14    Spells: 6/7 levels left

rFire   . . .      SeeInvis .     - Unarmed
rCold   . . .      Faith    .   (no shield)
rNeg    . . .      Spirit   .   (helmet restricted)
rPois   .          Reflect  .   g - amulet of regeneration {@e2}
rElec   .          Harm     .   (no ring)
rCorr   .          Rampage  .   (no ring)
Will    .....                   (no ring)
Stlth   +++.......              (no ring)
HPRegen 0.89/turn               (no ring)
MPRegen 0.10/turn               (no ring)
                                (no ring)
                                (no ring)

@: no status effects
A: almost no armour, amphibious, 8 rings, camouflage 1, gelatinous body 1,
(nimble swimmer 1), tentacles
a: no special abilities


You were on level 4 of the Dungeon.
You visited 2 branches of the dungeon, and saw 6 of its levels.

You collected 117 gold pieces.


Innate Abilities, Weirdness & Mutations

You cannot wear most types of armour.
You are amphibious.
You can wear up to eight rings at the same time.
Your skin changes colour to match your surroundings (Stealth+).
Your rubbery body absorbs attacks. (AC +1, EV +1)
((You are camouflaged when in or above water. (Stealth+)))
You have tentacles for arms and can constrict up to eight enemies at once.


   Skills:
 + Level 1.8 Fighting
 + Level 2.6 Dodging
 * Level 3.3 Stealth
 * Level 3.8 Unarmed Combat
 - Level 2.0 Spellcasting
 - Level 2.0 Transmutations


You had 6 spell levels left.
You knew the following spells:

 Your Spells              Type           Power      Damage    Failure   Level
a - Beastly Appendage     Tmut           14%        N/A       10%         1

Your spell library contained the following spells:

 Spells                   Type           Power      Damage    Failure   Level
 Wereblood                Tmut           7%         N/A       14%         2
 Passwall                 Tmut/Erth      3%         N/A       22%         2
 Ensorcelled Hibernation  Hex/Ice        2%         N/A       32%         2
 Spider Form              Tmut/Pois      4%         N/A       41%         3
 Swiftness                Air            1%         N/A       54%         3
 Ice Form                 Ice/Tmut       4%         N/A       82%         4

Inventory:

Jewellery
 g - an amulet of regeneration (around mantle) {@e2}
   (You found it on level 3 of the Dungeon)
Scrolls
 a - a scroll of acquirement {unknown}
 b - 3 scrolls of identify {unknown}
 c - a scroll of fear {unknown}
 d - a scroll of blinking {unknown}
 e - a scroll of vulnerability {unknown}
Potions
 f - a potion of experience {unknown}
 h - a potion of heal wounds {unknown}
 i - a potion of brilliance {unknown}

Dungeon Overview and Level Annotations

Branches:
Dungeon (5/15)             Temple (1/1) D:4

Altars:
Cheibriados
Dithmenos
Fedhas
Gozag
Hepliaklqana
Makhleb
Nemelex Xobeh
Sif Muna
Trog
Uskayaw
Vehumet
Wu Jian
Xom
Zin
The Shining One

.................###..
........>##......###..
.........#.......<...#######
...)....<#.......###.......#
.................# #...>....
.........##....#####....#
######...##..#....#.....#
######......###.#{......#
.......####[# #.@##.....#
######## #..##...##....# #
## ##....##...# #
#..>.###...# # #.....# #...#
# .....##...#..#... # .#..#
##....##... # #.# .#### ...
##


There were no monsters in sight!


Message History

Done exploring.
Done exploring.
Done exploring.
Done exploring.
Done exploring.
Done exploring.
Done exploring.
Done exploring.
Done exploring.
Done exploring.
Done exploring.
Done exploring.
Done exploring.
Done exploring.
Done exploring.
Done exploring.
Done exploring.
Done exploring.
Done exploring.
Done exploring.
Key pressed, stopping explore.
Done exploring.
Done exploring.
Done exploring.
Done exploring.
Key pressed, stopping explore.
Key pressed, stopping explore.
Key pressed, stopping explore.
Key pressed, stopping explore.
Done exploring.
Done exploring.
Done exploring.
Done exploring.
Done exploring.
Done exploring.
Done exploring.
Done exploring.
Done exploring.
Done exploring.
Search for what [Enter for "ecu", or ? for help]? ash Can't find anything matching that.
Unknown command.
(D) Dungeon (T) Temple
Where to? (Enter - D:4 @ (x,y), ? - help)
Okay, then.
(D) Dungeon (T) Temple
Where to? (Enter - D:4 @ (x,y), ? - help)
There is a staircase back to the Dungeon here.
You climb upwards.
Welcome back to the Dungeon!
There is a staircase to the Ecumenical Temple here.
One of your tentacles grows a vicious spike.
MP[-1]
You lost 1 mp, and now have 6/7 mp.
Your transformation is almost over.
A kobold comes into view. It is wielding a +0 whip.
The kobold shouts!
You tentacle-slap the sky beast.
Your tentacle spike misses the sky beast.
The sky beast hits you. The sky beast shocks you.
The kobold throws a stone.
The stone hits you.
HP[-7] MP[+1]
You take 7 damage, and now have 22/29 hp.
MASSIVE DAMAGE!! (PAUSE)
Your mp is fully restored (7).
You tentacle-slap the sky beast.
You pierce the sky beast.
Your tentacle spike disappears.
The sky beast hits you. The sky beast shocks you.
HP[-6]
You take 6 damage, and now have 16/29 hp.
MASSIVE DAMAGE!! (PAUSE)
You tentacle-slap the sky beast but do no damage.
You squeeze the sky beast. The sky beast hits you.
* * * LOW HITPOINT WARNING * * *
The sky beast shocks you.
* * * LOW HITPOINT WARNING * * *
The kobold misses you.
HP[-9]
You take 9 damage, and now have 7/29 hp.
MASSIVE DAMAGE!! (PAUSE) HP[+1] HP[+1] HP[+1] HP[+1] HP[+1]
You tentacle-slap the sky beast. The sky beast barely misses you.
HP[+1]
You tentacle-slap the sky beast. The sky beast hits you.
* * * LOW HITPOINT WARNING * * *
The sky beast shocks you.
* * * LOW HITPOINT WARNING * * *
HP[-10]
You take 10 damage, and now have 3/29 hp.
MASSIVE DAMAGE!! (PAUSE)
You completely miss the sky beast. Your squeeze misses the sky beast.
The sky beast flickers out of sight!
Deactivating autopickup; reactivate with Ctrl-A.
Something hits you.
* * * LOW HITPOINT WARNING * * *
Something shocks you.
You die...

Skill      XL: |  1  2  3  4 |
---------------+-------------+-----
Stealth        | 1 2 3 |  3.3
Fighting       | |  1.8
Dodging        | |  2.6
Unarmed Combat | |  3.8
Spellcasting   | |  2.0
Transmutations | |  2.0

Action                   |  1- 3 |  4- 6 || total
-------------------------+-------+-------++-------
Melee: Unarmed           |    63 |    38 ||   101
       Kick              |    12 |    10 ||    22
       Constrict         |    17 |    10 ||    27
       Tentacles         |     8 |    10 ||    18
       Punch             |       |     2 ||     2
 Cast: Beastly Appendage |    17 |    12 ||    29
 Stab: Sleeping          |    13 |     4 ||    17
Armor: Skin              |     2 |     4 ||     6
Dodge: Dodged            |    39 |    27 ||    66

Levels and vault maps discovered:
D:1:      shiori_arrival_oz, layout_loops_cross
D:2:      layout_basic, hellmonk_ecumenical_altar_watching_god
D:3:      layout_basic, mainiacjoe_overflow_paths, moated_statue,
          chequers_garden
D:4:      layout_rooms, minmay_temple_entry_wispy, serial_co_window_serial,
          co_window_paths_b, co_window_of_opportunity_a, co_window_corner_a,
          co_window_paths_a, co_window_of_opportunity_a,
          co_window_of_opportunity_a, co_window_corner_cb, co_window_paths_c,
          co_window_broadway_a, co_window_of_opportunity_b,
          co_window_unsneaky_path_e, co_window_broadway_b, glass_columns_c,
          glass_columns_a
D:5:      layout_loops_ring, gup_sewer_entry_bowl, nicolae_shop_firing_range,
          uniq_grinder, uniq_ijyb
Temple:   minmay_temple_curvy_branch

Notes
Turn   | Place    | Note
-------+----------+-------------------------------------------
     0 | D:1      | zeratav the Octopode Transmuter began the quest for the
                  | Orb.
     0 | D:1      | Reached XP level 1. HP: 13/13 MP: 3/3
     0 | D:1      | magus.rc [v1.9.6]
   290 | D:1      | Reached skill level 1 in Stealth
   317 | D:1      | Reached XP level 2. HP: 11/18 MP: 3/5
   821 | D:1      | Reached skill level 2 in Stealth
   967 | D:2      | Reached XP level 3. HP: 12/23 MP: 6/6
  1409 | D:2      | Found a faded altar of an unknown god.
  1409 | D:2      | Noticed an eye of devastation
  1417 | D:2      | Noticed an eye of devastation
  1421 | D:2      | Noticed a great orb of eyes
  1421 | D:2      | Noticed a great orb of eyes
  1797 | D:2      | Reached XP level 4. HP: 22/28 MP: 7/7
  1966 | D:2      | Identified the +0 helmet of Daffodils {rPois rF++ Dex-4}
  2204 | D:3      | Reached skill level 3 in Stealth
  2644 | D:3      | Found a glowing silver altar of Zin.
  2687 | D:3      | You pick up a book of Burglary and begin reading...
  2687 | D:3      | You add the spells Passwall, Ensorcelled Hibernation and
                  | Swiftness to your library.
  3266 | D:4      | Found a staircase to the Ecumenical Temple.
  3274 | D:5      | Entered Level 5 of the Dungeon
  3280 | D:5      | Noticed a centaur
  3298 | D:4      | Noticed a sky beast
  3303 | Temple   | Entered the Ecumenical Temple
  3569 | D:4      | HP: 7/29 [sky beast (5)]
  3576 | D:4      | HP: 3/29 [sky beast (5)]
  3577 | D:4      | HP: 1/29 [something (3)]
  3577 | D:4      | Slain by a sky beast

Vanquished Creatures
  5 adders
  A dart slug (D:3)
  6 ball pythons
  2 endoplasms
  3 giant cockroaches
  3 goblins
  4 hobgoblins
  2 jackals (D:3)
  7 kobolds
  3 quokkas
  6 bats
  6 frilled lizards
48 creatures vanquished.

Table legend:
 A = Non-vault XP
 B = Vault XP
 C = Vault XP percentage of total XP
 D = Non-vault monster count
 E = Vault monster count
 F = Vault count percentage of total count
                 A         B        C        D         E       F
            +---------+---------+-------+---------+---------+-------
      Total |     132 |       4 |   2.9 |      46 |       2 |   4.2
            +---------+---------+-------+---------+---------+-------
        D:1 |      26 |       4 |  13.3 |      16 |       2 |  11.1
        D:2 |      52 |       0 |   0.0 |      12 |       0 |   0.0
        D:3 |      46 |       0 |   0.0 |      13 |       0 |   0.0
        D:4 |       8 |       0 |   0.0 |       5 |       0 |   0.0
            +---------+---------+-------+---------+---------+-------

Illustrated notes

Table legend:
 A = Kills in this place as a percentage of kills in entire the game.
 B = Kills by you in this place as a percentage of kills by you in the entire game.
 C = Kills by friends in this place as a percentage of kills by friends in the entire game.
 D = Other kills in this place as a percentage of other kills in the entire game.
 E = Experience gained in this place as a percentage of experience gained in the entire game.
 F = Experience gained in this place divided by the number of levels of this place that you have seen.
                   A       B       C       D       E      F
               +-------+-------+-------+-------+-------+----------------------
         Total | 100.0 | 100.0 |   N/A |   N/A | 100.0 |  22.7
       Dungeon | 100.0 | 100.0 |   N/A |   N/A | 100.0 |  27.2
               +-------+-------+-------+-------+-------+----------------------

Table legend: (Time is in decaauts)
 A = Elapsed time spent in this place.
 B = Non-inter-level travel time spent in this place.
 C = Inter-level travel time spent in this place.
 D = Time resting spent in this place.
 E = Time spent auto-exploring this place.
 F = Levels seen in this place.
 G = Mean time per level.
                   A        B        C        D        E       F      G
               +--------+--------+--------+--------+--------+-----+--------+
         Total |   3570 |   3459 |    111 |      0 |   3108 |   6 |  595.0 |
       Dungeon |   3316 |   3210 |    106 |      0 |   2862 |   5 |  663.2 |
        Temple |    253 |    248 |      5 |      0 |    246 |   1 |  253.0 |
               +--------+--------+--------+--------+--------+-----+--------+

Top non-repeatable levels by time:
     D:2: 1234 daAuts
     D:1: 923 daAuts
     D:3: 792 daAuts
     D:4: 352 daAuts
  Temple: 253 daAuts
     D:5: 13 daAuts
